 Dungeon Crawl Stone Soup version 0.31-a0-848-gaac375c287 (webtiles) character file.

Game seed: 2032570549511869586

343 pokeman the Magician (level 6, -5/34 HPs)
             Began as a Deep Elf Hedge Wizard on Oct 5, 2023.
             Slain by Duvessa
             ... wielding a +0 short sword
              (18 damage)
             ... on level 4 of the Dungeon.
             The game lasted 00:06:20 (3752 turns).

pokeman the Magician (Deep Elf Hedge Wizard)        Turns: 3752, Time: 00:06:21

Health: -5/34      AC:  2    Str:  7    XL:     6   Next: 31%
Magic:  0/18       EV: 13    Int: 21    God:
Gold:   229        SH:  0    Dex: 14    Spells: 6/19 levels left

rFire   . . .        g - +2 dagger (venom)
rCold   . . .        (no shield)
rNeg    . . .        b - +0 robe
rPois   .            c - +0 hat
rElec   .            (no cloak)
rCorr   .            (no gloves)
SInv    .            (no boots)
Will    .....        (no amulet)
Stlth   ++           (no ring)
HPRegen 0.25/turn    (no ring)
MPRegen 0.16/turn

%: no passive effects
@: no status effects
A: no striking features
a: no special abilities


You were on level 4 of the Dungeon.
You visited 1 branch of the dungeon, and saw 4 of its levels.

You collected 229 gold pieces.

Inventory:

Hand Weapons
 g - a +2 dagger of venom (weapon)
Armour
 b - a +0 robe (worn)
 c - a +0 hat (worn)
Jewellery
 s - an amulet of regeneration
Wands
 p - a wand of quicksilver (13)
Scrolls
 a - 2 scrolls of revelation {unknown}
 e - a scroll of enchant armour {unknown}
 i - 4 scrolls of identify {unknown}
 j - a scroll of vulnerability {unknown}
 k - a scroll of immolation {unknown}
 n - 3 scrolls of teleportation {unknown}
Potions
 d - a potion of magic
 f - a potion of heal wounds {unknown}
 h - a potion of experience {unknown}
 l - a potion of curing {unknown}
 m - a potion of degeneration {unknown}
 o - a potion of ambrosia {unknown}
 q - a potion of resistance {unknown}
 r - 2 potions of mutation {unknown}


   Skills:
 + Level 1.3 Fighting
 - Level 1.0 Armour
 - Level 3.0 Dodging
 - Level 3.0 Stealth
 * Level 7.0 Spellcasting
 + Level 3.2 Conjurations
 - Level 1.1 Summonings
 - Level 1.1 Translocations
 + Level 0.4 Ice Magic
 - Level 1.1 Air Magic
 - Level 1.0 Poison Magic
 + Level 0.5 Evocations


You had 6 spell levels left.
You knew the following spells:

 Your Spells              Type           Power      Damage    Failure   Level
a - Magic Dart            Conj           80%        1d7       2%          1
b - Mephitic Cloud        Conj/Pois/Air  15%        N/A       12%         3
c - Call Imp              Summ           22%        N/A       9%          2
d - Blink                 Tloc           22%        N/A       9%          2
e - Freezing Cloud        Conj/Ice/Air   7%         6-21      77%         5

Your spell library contained the following spells:

 Spells                   Type           Power      Damage    Failure   Level
 Slow                     Hex            28%        N/A       9%          1
 Poisonous Vapours        Pois/Air       24%        N/A       9%          2
 Cigotuvi's Dreadful Rot  Necr/Pois/Air  20%        N/A       10%         2


Dungeon Overview and Level Annotations

Branches:
Dungeon (4/15)
 Temple: D:4-7

Altars:
Makhleb
Trog

Shops:
D:1 (

Annotations:
D:4 Duvessa


Message History

Duvessa hits your cerulean imp with a +0 short sword!
You hit Duvessa.
Duvessa is almost dead.
Your cerulean imp hits Duvessa but does no damage.
Your cerulean imp hits Duvessa but does no damage.
There is a fountain of clear blue water here.
Duvessa seems less confused.
Your cerulean imp hits Duvessa but does no damage.
Duvessa hits your cerulean imp with a +0 short sword!
Your cerulean imp dies!
Your cerulean imp disappears in a puff of smoke!
Duvessa shouts!
Duvessa hits you with a +0 short sword.
You barely miss Duvessa.
Duvessa is almost dead.
Duvessa hits you with a +0 short sword. Duvessa closely misses you.
Casting: Call Imp (safe; 9% risk of failure)
Confirm with . or Enter, or press ? or * to list all spells.
Aiming: Mephitic Cloud (quite dangerous; 12% risk of failure)
Press: ? - help, Shift-Dir - straight line, f - Duvessa
Aim: Duvessa, wielding a +0 short sword and wearing a +0 leather armour (almost dead, berserk, chance to affect: 81%)
The ball explodes into a vile cloud!
The stinking cloud engulfs Duvessa but does no damage.
Duvessa is almost dead.
The stinking cloud engulfs you but does no damage.
You hear a shout!
Duvessa is engulfed in noxious fumes.
Duvessa appears confused.
Unknown command.
Unknown command.
You hit Duvessa but do no damage.
Duvessa is poisoned.
Duvessa is almost dead.
Duvessa is engulfed in noxious fumes.
Duvessa appears confused.
Duvessa is engulfed in noxious fumes.
Duvessa appears confused.
Duvessa barely misses you.
You hit Duvessa.
Duvessa looks as sick as possible!
Duvessa is almost dead.
Duvessa is engulfed in noxious fumes.
Duvessa appears confused.
Duvessa hits you with a +0 short sword!!
Ouch! That really hurt!
You die...

.....#.# .# ........
.......####### .) .........
#...#........#####..##+#......#..
#...#...)).)..................#..
##......##)......####............
#.....##.###..##.##..............
##....#...#####...#....##...†....
#......⌠...)...⌠).....##........
###..#†..#####e@.#.....##..#....
##.##.## ##.##.....#..#.....
####.# #.#.....##........ #.#
#.#......#.....##. #.#
#.##...........##. ##.##
##.##..##..........
##...#####...#..#...##..###.
#..⌠.......⌠.......#######..
##...#####...#...### #..


You could see Duvessa (berserk, confused, extremely poisoned).

Vanquished Creatures
  Dowan (D:4)
  A howler monkey (D:3)
  An orc priest (D:3)
  A hound (D:4)
  A sleepcap (D:3)
  3 gnolls (D:3)
  8 adders
  2 worms
  7 orcs
  6 bats
  An endoplasm (D:2)
  2 giant cockroaches
  5 goblins
  11 hobgoblins
  2 quokkas
  2 ball pythons (D:1)
  A frilled lizard (D:3)
  9 kobolds
  3 rats
67 creatures vanquished.

Notes
Turn   | Place    | Note
-------+----------+-------------------------------------------
     0 | D:1      | pokeman the Deep Elf Hedge Wizard began the quest for the
                  | Orb.
     0 | D:1      | Reached XP level 1. HP: 10/10 MP: 7/7
   352 | D:1      | Reached XP level 2. HP: 15/15 MP: 6/9
   489 | D:1      | Found Paykom's Antique Weapon Emporium.
  1016 | D:2      | Reached skill level 5 in Spellcasting
  1176 | D:2      | Reached XP level 3. HP: 20/20 MP: 7/11
  1180 | D:2      | Learned a level 3 spell: Mephitic Cloud
  1188 | D:2      | Learned a level 2 spell: Call Imp
  1191 | D:2      | Learned a level 2 spell: Blink
  1504 | D:2      | Reached skill level 1 in Armour
  1877 | D:2      | Reached skill level 1 in Fighting
  2277 | D:3      | Reached XP level 4. HP: 25/25 MP: 1/13
  2835 | D:3      | Found a faded altar of an unknown god.
  2838 | D:3      | Reached skill level 6 in Spellcasting
  2838 | D:3      | Reached XP level 5. HP: 29/29 MP: 8/15
  2934 | D:3      | Found a bloodstained altar of Trog.
  2936 | D:3      | Found a burning altar of Makhleb.
  3179 | D:3      | Reached skill level 1 in Air Magic
  3179 | D:3      | Reached skill level 1 in Poison Magic
  3362 | D:4      | Reached XP level 6. HP: 27/34 MP: 10/17
  3546 | D:4      | Learned a level 5 spell: Freezing Cloud
  3646 | D:4      | Noticed Dowan
  3651 | D:4      | Noticed Duvessa
  3658 | D:4      | Killed Dowan
  3686 | D:4      | Reached skill level 7 in Spellcasting
  3752 | D:4      | Slain by Duvessa

Illustrated notes

Levels and vault maps discovered:
D:1:      noname_arrival_rooms_in_the_neighbourhood, layout_basic, serial_shops,
          shop
D:2:      layout_basic, kennysheep_pointless_box
D:3:      layout_rooms, chequers_temple_overflow_statue_of_worship,
          shapermc_ecumenical_altar_ellora, nicolae_half_adder
D:4:      corexii_shack_village, layout_cave_pools,
          mainiacjoe_overflow_alcove_4, minmay_misc_feat_tower,
          minmay_snake_closets, uniq_duvessa, uniq_pikel

Skill      XL: |  1  2  3  4  5  6 |
---------------+-------------------+-----
Spellcasting   | 5 6 7 |  7.0
Armour         | 1 |  1.0
Fighting       | 1 |  1.3
Conjurations   | 2 3 |  3.2
Stealth        | 3 |  3.0
Dodging        | 3 |  3.0
Air Magic      | 1 |  1.1
Poison Magic   | 1 |  1.0
Summonings     | |  1.1
Translocations | |  1.1
Ice Magic      | |  0.4
Evocations     | |  0.5

Action                     |  1- 3 |  4- 6 || total
---------------------------+-------+-------++-------
  Melee: Dagger            |     1 |    51 ||    52
         Punch             |       |     1 ||     1
   Cast: Magic Dart        |    97 |    69 ||   166
         Mephitic Cloud    |       |    10 ||    10
         Call Imp          |       |     2 ||     2
         Blink             |       |     1 ||     1
   Stab: Confused          |       |     2 ||     2
         Sleeping          |       |     1 ||     1
 Armour: Robe              |    20 |    26 ||    46
  Dodge: Dodged            |    12 |    40 ||    52

Table legend: (Time is in decaauts)
 A = Elapsed time spent in this place.
 B = Non-inter-level travel time spent in this place.
 C = Inter-level travel time spent in this place.
 D = Time resting spent in this place.
 E = Time spent auto-exploring this place.
 F = Levels seen in this place.
 G = Mean time per level.
                   A        B        C        D        E       F      G
               +--------+--------+--------+--------+--------+-----+--------+
         Total |   3750 |   3685 |     65 |     30 |   3239 |   4 |  937.5 |
       Dungeon |   3750 |   3685 |     65 |     30 |   3239 |   4 |  937.5 |
               +--------+--------+--------+--------+--------+-----+--------+

Top non-repeatable levels by time:
     D:2: 1233 daAuts
     D:3: 1188 daAuts
     D:1: 894 daAuts
     D:4: 434 daAuts
